[Event "6th Vergani Cup January 2022"]
[Site "Cattolica"]
[Date "2022.01.02"]
[Round "1.10"]
[White "Frank, Emanuel"]
[Black "Iniyan, P."]
[Result "1/2-1/2"]
[ECO "E91"]
[WhiteElo "2180"]
[BlackElo "2540"]
[Annotator "ChessBase"]
[PlyCount "81"]
[EventDate "2022.01.02"]
[EventType "swiss"]
[EventCountry "ITA"]
[SourceTitle "playchess.com"]
[Source "ChessBase"]
[SourceQuality "1"]
[TimeControl "40/5400+30:900+30"]

1. d4 Nf6 2. c4 g6 3. Nc3 Bg7 4. e4 d6 5. Nf3 O-O 6. Be2 Na6 7. Bf4 Nh5 8. Bg5 Qe8 9. O-O e5 10. Qd2 f6 11. Be3 f5 12. exf5 gxf5 13. Bg5 c6 14. g3 Nf6 15. dxe5 Ne4 16. Nxe4 fxe4 17. Nh4 Qxe5 18. Rad1 Bh3 19. Ng2 Qxb2 20. Qxb2 Bxb2 21. Rxd6 Be5 22. Rh6 Bf5 23. Nh4 Bh3 24. Ng2 Bf5 25. Nh4 Bg7 26. Rd6 Bh3 27. Rb1 Be5 28. Rd2 Bc3 29. Rdd1 b6 30. Rb3 Bb4 31. g4 Bc5 32. Nf5 Rxf5 33. gxf5 Bxf5 34. Rg3 Kf7 35. Bg4 Bxg4 36. Rxg4 Rg8 37. h3 h5 38. Rf4+ Ke6 39. h4 Ke5 40. Rf7 Nb4 41. Kf1 1/2-1/2